Map: Radhuset Station LE

Players

huge

  • Race: Protoss Protoss
  • Spawn Location: 7:00

Subwayeatn - Winner!

  • Race: Zerg Zerg
  • League: Platinum
  • Spawn Location: 1:00

VOD

Have the link to the VOD?

Description

Time

  • Played on: Nov. 3, 2023, 6:37 p.m.
  • Length: 5:09
Show
View Real Time Build Order
Export as new Build Order

huge Protoss 

Build Orders:  

Get SALT Encoding   

  12  0:00  Probe  
  13  0:12  Probe  
  14  0:21  Pylon  
  14  0:25  Probe  
  15  0:39  Probe  
  15  0:40  Forge  
  16  0:51  Probe  
  17  1:04  Probe  
  18  1:09  Pylon  
  18  1:16  Probe  
  19  1:18  Assimilator  
  19  1:28  Photon Cannon, Probe  
  20  1:41  Probe, Pylon  
  21  1:49  Gateway  
  21  1:53  Probe  
  22  2:05  Probe  
  22  2:06  Photon Cannon  
  22  2:08  Photon Cannon  
  23  2:15  Photon Cannon  
  23  2:30  Probe  
  23  2:33  Photon Cannon  
  23  2:42  Probe  
  24  2:44  Pylon  
  24  2:54  Probe  
  24  2:57  Cybernetics Core  
  25  2:59  Photon Cannon  
  25  3:04  Pylon  
  25  3:07  Assimilator  
  25  3:10  Pylon  
  24  3:22  Probe  
  25  3:31  Photon Cannon  
  25  3:37  Pylon  
  24  3:42  Probe  
  25  3:52  Pylon  
Show
View Real Time Build Order
Export as new Build Order

Subwayeatn Zerg - Winner!

Build Orders: Pool First 

Get SALT Encoding   

  12  0:00  Drone  
  13  0:07  Drone  
  13  0:12  Extractor  
  13  0:28  Spawning Pool  
  12  0:58  Hatchery  
  11  1:15  Queen  
  13  1:27  Metabolic Boost  
  13  1:37  Overlord  
  13  1:42  Zergling x2  
  14  1:55  Zergling x2  
  14  1:56  Zergling x2  
  14  1:59  Zergling x2  
  17  2:16  Overlord  
  17  2:28  Zergling x8  
  20  2:42  Zergling x6  
  21  3:05  Zergling x10  
  26  3:17  Zergling x4  
  20  4:19  Zergling x2  
  20  4:20  Zergling x14  
  20  4:21  Zergling x2  
  27  4:49  Zergling x2  
  27  4:50  Zergling x6  
Tags
 
League
Platinum
Matchup
PvZ
Opening
Pool First
Replay Pack
Multiplayer
Spawn Locations
Cross Positions
Add a new tag
Caveats
  • Supply blocks, unpowered buildings, or Contaminate may cause inaccurate times.
  • Supply counts are checked every 10 seconds.